 Dungeon Sprint DCSS version 0.28-a0-206-gc2c9e32840 (webtiles) character file.

Game seed: 5750065750600183715

2321 MikeHunt the Grappler (level 9, -6/85 HPs)
             Began as a Ghoul Fighter on Aug 20, 2021.
             Was a Priest of Cheibriados.
             Shot with an arrow by a centaur warrior (11 damage)
             ... in the Dungeon (Sprint IX: "|||||||||||||||||||||||||||||").
             The game lasted 00:03:37 (491 turns).

MikeHunt the Grappler (Ghoul Fighter)                Turns: 491, Time: 00:03:38

Health: -6/85      AC: 15    Str: 30    XL:     9   Next: 42%
Magic:  0/14       EV: 13    Int: 10    God:    Cheibriados [***...]
Gold:   0          SH:  0    Dex: 18    Spells: 8/8 levels left

rFire   . . .      SeeInvis .     - Unarmed
rCold   + . .      Faith    .   (no shield)
rNeg    + + +      Spirit   .   m - +1 chain mail
rPois   ∞          Reflect  .   (no helmet)
rElec   .          Harm     .   (no cloak)
rCorr   .          Rampage  .   l - +0 pair of gloves
Will    .....      NoTele   +   (no boots)
Stlth   ..........              (no amulet)
HPRegen 0.00/turn               n - +2 ring of protection
MPRegen 0.14/turn               o - +3 ring of strength

@: mighty, inhibited regen, slowed, very slow
A: claws 1, cold resistance 1, negative energy resistance 3, inhibited
regeneration, torment resistance 2
a: Renounce Religion, Bend Time, Temporal Distortion


You were in the Dungeon.
You worshipped Cheibriados.
Cheibriados was most pleased with you.
You visited 1 branch

Inventory:

Missiles
 e - 2 boomerangs
 i - a curare-tipped dart
Armour
 a - a +0 scale mail
 b - a +0 kite shield
 l - a +0 pair of gloves (worn)
 m - a +1 chain mail (worn)
Jewellery
 n - a +2 ring of protection (left hand)
 o - a +3 ring of strength (right hand)
Wands
 k - a wand of iceblast (4) (quivered)
Potions
 f - a potion of haste
 g - 4 potions of magic


   Skills:
 + Level 9.8 Fighting
 - Level 9.2 Armour
 + Level 7.6 Dodging
 - Level 2.6 Shields
 - Level 10.5 Unarmed Combat
 + Level 9.0 Invocations
 - Level 7.1 Evocations


You had 8 spell levels left.
You didn't know any spells.
Your spell library was empty.

Dungeon Overview and Level Annotations

Branches:
Dungeon (1/1)

Altars:
Cheibriados
Dithmenos
Elyvilon
Fedhas
Gozag
Hepliaklqana
Kikubaaqudgha
Makhleb
Nemelex Xobeh
Okawaru
Qazlal
Ru
Sif Muna
Trog
Uskayaw
Vehumet
Wu Jian
Xom
Yredelemnul
Zin
The Shining One
Beogh
Jiyva
Lugonu


Innate Abilities, Weirdness & Mutations

You thrive by killing the living.
You are immune to poison.
You have sharp fingernails.
Your flesh is cold resistant. (rC+)
You are immune to negative energy. (rN+++)
You do not regenerate when monsters are visible.
You are immune to unholy pain and torment.


Message History

The harpy claws you but does no damage.
You closely miss the harpy. Your punch misses the harpy.
The harpy is heavily wounded.
The harpy claws you.
* * * LOW HITPOINT WARNING * * *
The harpy claws you but does no damage. The harpy claws you!
* * * LOW HITPOINT WARNING * * *
The harpy misses you.
Blink to where?
Press: ? - help, Dir - move target
As you read the scroll of blinking, it crumbles to dust.
Aiming: Iceblast
Press: ? - help, Q - select action, (/) - cycle Shift-Dir - straight line, f - harpy
Aim: a harpy (moderately wounded)
The mass of ice explodes!
The iceblast engulfs the harpy!
The harpy is heavily wounded.
Okay, then.
Unknown command.
You pummel the harpy!!
You kill the harpy!
Cheibriados thoroughly appreciates the change of pace.
Cheibriados raises the support of your attributes as your movement slows.
The harpy's shape twists and changes as she dies.
The centaur warrior wields a +0 shortbow.
The centaur warrior shoots an arrow.
The arrow misses you.
Your Fighting skill increases to level 9!
Your Dodging skill increases to level 7!
Your Invocations skill increases to level 9!
You warp the flow of time around you!
You aren't carrying any scrolls.
Okay, then.
Unknown command.
Okay, then.
Unknown command.
The flow of time bends around you.
Cheibriados rebukes the troll.
The troll seems to slow down.
Cheibriados lowers the support of your attributes as your movement quickens.
The centaur warrior shoots an arrow.
The arrow hits you!
You die... ▓▓▓▓▓▓▓▓▓▓▓▓▓▓▓▓▓▓▓▓▓▓▓▓▓▓▓▓▓▓▓▓▓ _____________c.?@T.[...).cT...).c ▓▓▓▓▓▓▓▓▓▓▓▓▓▓▓▓▓▓▓▓▓▓▓▓▓▓▓▓▓▓▓▓▓

You could see a centaur warrior and a troll (slow).

Vanquished Creatures
  A tengu warrior (D)
  A skeletal warrior (D)
  A harpy (shapeshifter) (D)
  A wraith (D)
  An acid dragon (D)
  A centaur (D)
  A kobold brigand (D)
  A killer bee (D)
  A jelly (D)
  2 white imps (D)
  A dart slug (D)
  2 orcs (D)
  A bat zombie (D)
  A hobgoblin (D)
  A frilled lizard (D)
  A kobold (D)
  A rat (D)
19 creatures vanquished.

Vanquished Creatures (others)
  A two-headed ogre (D)
1 creature vanquished.

Grand Total: 20 creatures vanquished

Notes
Turn   | Place    | Note
-------+----------+-------------------------------------------
     0 | D        | MikeHunt the Ghoul Fighter began the quest for the Orb.
     0 | D        | Reached XP level 1. HP: 19/19 MP: 0/0
     1 | D        | Banished a spatial maelstrom
     8 | D        | Banished a spatial maelstrom
    18 | D        | Reached skill level 3 in Unarmed Combat
    36 | D        | Noticed a jelly
    44 | D        | Reached skill level 4 in Unarmed Combat
    44 | D        | Reached XP level 2. HP: 13/26 MP: 1/1
    60 | D        | Reached skill level 5 in Armour
    60 | D        | Reached skill level 5 in Unarmed Combat
    60 | D        | Reached XP level 3. HP: 16/31 MP: 2/2
    65 | D        | Reached skill level 6 in Unarmed Combat
   272 | D        | Found a snail-covered altar of Cheibriados.
   272 | D        | Found a shadowy altar of Dithmenos.
   272 | D        | Found a blossoming altar of Fedhas.
   272 | D        | Found an opulent altar of Gozag.
   273 | D        | Found a hazy altar of Hepliaklqana.
   274 | D        | Found a viscous altar of Jiyva.
   275 | D        | Found an ancient bone altar of Kikubaaqudgha.
   276 | D        | Became a worshipper of Cheibriados the Contemplative
   277 | D        | Found a corrupted altar of Lugonu.
   278 | D        | Found a burning altar of Makhleb.
   279 | D        | Found a sparkling altar of Nemelex Xobeh.
   280 | D        | Found an iron altar of Okawaru.
   281 | D        | Found a stormy altar of Qazlal.
   282 | D        | Found a sacrificial altar of Ru.
   283 | D        | Found a shimmering blue altar of Sif Muna.
   284 | D        | Found a bloodstained altar of Trog.
   285 | D        | Found a hide-covered altar of Uskayaw.
   286 | D        | Found a radiant altar of Vehumet.
   287 | D        | Found an ornate altar of the Wu Jian Council.
   288 | D        | Found a shimmering altar of Xom.
   289 | D        | Found a basalt altar of Yredelemnul.
   338 | D        | Noticed a two-headed ogre
   338 | D        | Noticed an acid dragon
   338 | D        | Noticed a kobold brigand
   338 | D        | Noticed a killer bee
   338 | D        | Noticed a centaur
   346 | D        | Killed a two-headed ogre
   347 | D        | Reached skill level 9 in Unarmed Combat
   347 | D        | Reached skill level 5 in Evocations
   347 | D        | Reached XP level 4. HP: 25/38 MP: 3/3
   347 | D        | Reached XP level 5. HP: 29/45 MP: 4/4
   347 | D        | Reached XP level 6. HP: 33/51 MP: 5/5
   352 | D        | Killed an acid dragon
   355 | D        | Reached skill level 10 in Unarmed Combat
   355 | D        | Reached XP level 7. HP: 34/57 MP: 6/6
   355 | D        | Reached * piety under Cheibriados
   361 | D        | Reached ** piety under Cheibriados
   450 | D        | Noticed a skeletal warrior
   450 | D        | Noticed a wraith
   450 | D        | Noticed a tengu warrior
   450 | D        | Noticed a spriggan
   450 | D        | Noticed a centaur warrior
   450 | D        | Noticed a troll
   451 | D        | a spriggan changed into something unseen
   469 | D        | Killed a skeletal warrior
   470 | D        | Reached skill level 5 in Invocations
   470 | D        | Reached XP level 8. HP: 15/71 MP: 4/11
   473 | D        | Noticed a harpy
   477 | D        | Killed a wraith
   478 | D        | Reached skill level 5 in Dodging
   485 | D        | Killed a tengu warrior
   485 | D        | Reached *** piety under Cheibriados
   486 | D        | Reached XP level 9. HP: 11/82 MP: 6/14
   490 | D        | Killed a harpy
   491 | D        | Shot with an arrow by a centaur warrior

Illustrated notes

Levels and vault maps discovered:
D:        linesprint [early_d, line_temple, items_1, d_10, items_2, lair_1,
          lair_end, items_3, orc_1, orc_end, items_4, d_15, swamp_1, shoals_1,
          snake_1, spider_1, d_20, vaults_1, items_5, swamp_end, shoals_end,
          snake_end, spider_end, vaults_end, d_27, items_6, zot_1, zot_end,
          crypt_end, forest_end, elf_end, slime_end, tomb_end, abyss_end,
          pan_hell_end]

Skill      XL: |  1  2  3  4  5  6  7  8  9 |
---------------+----------------------------+-----
Armour         | 4 5 7 8 9 |  9.2
Unarmed Combat | 4 5 9 10 | 10.5
Evocations     | 5 6 7 |  7.1
Fighting       | 6 8 9 |  9.8
Dodging        | 4 6 7 |  7.6
Invocations    | 5 8 9 |  9.0
Shields        | |  2.6

Action                   |  1- 3 |  4- 6 |  7- 9 || total
-------------------------+-------+-------+-------++-------
Melee: Unarmed           |    52 |     6 |    32 ||    90
       Punch             |       |       |     1 ||     1
Invok: Bend Time         |       |       |     2 ||     2
       Temporal Distorti |       |       |     1 ||     1
Evoke: Wand              |       |     2 |     4 ||     6
  Use: Potion            |     2 |       |     8 ||    10
       Scroll            |       |       |     2 ||     2
 Stab: Invisible         |     1 |     1 |       ||     2
Armor: Scale mail        |    12 |       |       ||    12
       Chain mail        |     1 |     1 |    19 ||    21
Dodge: Dodged            |    15 |     2 |    15 ||    32

Table legend: (Time is in decaauts)
 A = Elapsed time spent in this place.
 B = Non-inter-level travel time spent in this place.
 C = Inter-level travel time spent in this place.
 D = Time resting spent in this place.
 E = Time spent auto-exploring this place.
 F = Levels seen in this place.
 G = Mean time per level.
                   A        B        C        D        E       F      G
               +--------+--------+--------+--------+--------+-----+--------+
         Total |    500 |    500 |      0 |    279 |      0 |   1 |  500.0 |
       Dungeon |    500 |    500 |      0 |    279 |      0 |   1 |  500.0 |
               +--------+--------+--------+--------+--------+-----+--------+

Top non-repeatable levels by time:
       D: 500 daAuts
